Unix NetHack Version 5.0.0-0 post-release - last build Jul 19 2026 19:10:59 (3aa4ab31751d3886436d94b585a96704892fd477,branch:main).

Game began 2026-07-20 21:15:14, ended 2026-07-20 21:52:08.

KnightLite, lawful female dwarven Archeologist

                            ----
                           --...|
                    - ------...-
                  ...--........|
     .....  --..........-----.--
     .....| |............|  |.|   ..
    --....---............-- |.-- -....
    |.^.d.................| |..---.....
  --#....q...........0....--|....)......
  |...G..@........---...^..|--).--......
  |..........>....| |..--..| ------...--
  -............     --------     --...|
  ............                   -<.---
   .|.--.--.-                   |...|
                                |...|
                                 ---
KnightLite the Field Worker  St:11 Dx:9 Co:15 In:16 Wi:16 Ch:8  Lawful
Dlvl:5  $:1212 HP:0(37) Pw:19(19) AC:5  Xp:4 T:2709 

Latest messages:
 Click!  You trigger a rolling boulder trap!
 Fortunately for you, no boulder was released.
 You swap places with your large dog.
 The large dog misses the gnome.
 The large dog bites the gnome.
 With great effort you move the boulder.
 You hear some noises in the distance.
 You swap places with the peaceful gnome.
 The gnome wields 5 daggers!
 You swap places with the peaceful gnome.
 The large dog bites the gnome.
 You hear someone reading a scroll of teleportation.
 You start digging.
 You hit the rock with all your might.
 You make an opening in the wall.
 The large dog bites the gnome.
 The gnome misses the large dog.
 Click!  You trigger a rolling boulder trap!
 A boulder misses you.
 The rothe misses!
 The rothe just misses!
 The rothe bites!
 You hit the rothe.
 The rothe hits!
 The rothe bites!
 The rothe misses!
 You miss the rothe.
 The rothe hits!
 The rothe bites!
 The rothe bites again!
 The large dog misses the rothe.
 The large dog bites the rothe.
 The rothe misses the large dog.
 The rothe misses the large dog.
 The rothe bites the large dog.
 What do you want to drink?
 Your feet are frozen to the floor!
 The rothe hits!
 The rothe bites!
 The rothe bites again!
 The large dog bites the rothe.
 The rothe misses the large dog.
 The rothe misses the large dog.
 The rothe misses the large dog.
 The large dog misses the rothe.
 The rothe hits!
 The rothe bites!
 The rothe bites again!
 You die...
 Do you want your possessions identified? [ynq] (y) q

Inventory:
 Coins    ('$')
  $ - 1212 gold pieces
 Weapons  (')')
  G - 27 +0 darts (at the ready)
  a - a +2 bullwhip (alternate weapon; not wielded)
 Armor    ('[')
  c - an uncursed +0 fedora (being worn)
  F - an uncursed +0 elven mithril-coat (being worn)
 Comestibles  ('%')
  m - an uncursed slime mold
  E - an uncursed candy bar labeled "Wonka Bar"
  v - an uncursed cram ration
  d - 2 uncursed food rations
 Scrolls  ('?')
  l - an uncursed scroll of create monster
  J - a cursed scroll of light
  k - an uncursed scroll of scare monster
  n - an uncursed scroll of teleportation
 Potions  ('!')
  o - an uncursed potion of enlightenment
  j - a cursed potion of monster detection
  t - an uncursed potion of paralysis
  x - an uncursed potion of sleeping
 Wands    ('/')
  A - a wand of undead turning (0:4)
 Tools    ('(')
  h - an empty uncursed sack
  i - an uncursed oil lamp (lit)
  e - a rusty +0 pick-axe (weapon in right hand)
  w - a blessed tallow candle
  H - an uncursed tallow candle
  f - a tinning kit (0:98)
  I - an uncursed wax candle
 Gems/Stones  ('*')
  y - a cursed jade stone
  g - an uncursed touchstone
 Special
 (list likely candidates)

KnightLite the Archeologist's attributes:

Background:
 You were a Field Worker, a level 4 female dwarven Archeologist.
 You were lawful, nominally on a mission for Quetzalcoatl
 who was opposed by Camaxtli (neutral) and Huhetotl (chaotic).
 You were right-handed.
 You were in the Gnomish Mines, on level 5.
 You entered the dungeon 2709 turns ago.
 You had 81 experience points, 79 more were needed to attain level 5.

Basics:
 You had 0 out of 37 hit points.
 You had all 19 energy points (spell power).
 Your armor class was 5.
 Your wallet contained 1212 zorkmids.
 Autopickup was on for '0' plus thrown, with exceptions.

Final Characteristics:
 Your strength was 11 (limit:18/100).
 Your dexterity was 9 (limit:20).
 Your constitution was 15 (limit:20).
 Your intelligence was 16 (limit:16).
 Your wisdom was 16 (limit:16).
 Your charisma was 8 (limit:16).

Final Status:
 You weren't hungry.
 You were unencumbered.
 You were wielding a pick-axe.
 You had basic skill with pick-axe.

Final Attributes:
 You were piously aligned.
 You had automatic searching.
 You had infravision.
 You were guarded.
 Your spell casting was impaired by metallic armor.
 You were lucky.
 You are dead.

Miscellaneous:
 You didn't encounter any bones levels.
 Total elapsed playing time was 36 minutes and 53 seconds.

Major events:
 Turn
    1: KnightLite the lawful female dwarven Archeologist entered the dungeon
  806: attained the rank of Field Worker (level 3)
  939: entered the Gnomish Mines
 2709: killed by a rothe, while frozen by a potion

Spells:
 Name                 Level Category     Fail Retention
 levitation             4   escape       100%  76%-100%

Skills:
 Fighting Skills
   bare handed combat [Unskilled]
   two weapon combat  [Unskilled]
   riding             [Unskilled]
 Weapon Skills
   dagger             [Unskilled]
   knife              [Unskilled]
   pick-axe           [Basic]
   short sword        [Unskilled]
   saber              [Unskilled]
   club               [Unskilled]
   quarterstaff       [Unskilled]
   sling              [Unskilled]
   dart               [Unskilled]
   boomerang          [Unskilled]
   whip               [Basic]
   unicorn horn       [Unskilled]
 Spellcasting Skills
   attack spells      [Unskilled]
   healing spells     [Unskilled]
   divination spells  [Unskilled]
   matter spells      [Unskilled]

Voluntary challenges:
 Character rerolling was not enabled.
 You were an atheist.
 You never genocided any monsters.
 You never polymorphed an object.
 You never changed form.
 You used no wishes.
Achievements:
 You attained the rank of Field Worker.
 You entered the Gnomish Mines.

 The Dungeons of Doom: levels 1 to 2
    Level 1:
       Some fountains.
    Level 2:
       A fountain.
       Stairs down to The Gnomish Mines.
 The Gnomish Mines: levels 3 to 5
    Level 3:
    Level 4:
    Level 5: <- You were here.
       Final resting place for
          you, killed by a rothe, while frozen by a potion.


Vanquished creatures:
  a shrieker
  3 gnome leaders
  a dwarf
  a dwarf zombie
  a werejackal
  4 iguanas
  3 coyotes
  a gas spore
  3 hobbits
  2 manes
  a large kobold
  a giant rat
  3 cave spiders
  a red mold
 23 gnomes
  a gnome zombie
  4 geckos
  7 jackals
  a fox
  2 goblins
  6 grid bugs
  6 lichens
  a kobold zombie
  a newt
78 creatures vanquished.

No species were genocided or became extinct.

Game over:
                       ----------
                      /          \
                     /    REST    \
                    /      IN      \
                   /     PEACE      \
                  /                  \
                  |    KnightLite    |
                  |     1212 Au      |
                  |   killed by a    |
                  |      rothe       |
                  |                  |
                  |                  |
                  |       2026       |
                 *|     *  *  *      | *
        _________)/\\_//(\/(/\)/\//\/|_)_______

Goodbye KnightLite the Archeologist...

You died in The Gnomish Mines on dungeon level 5 with 1625 points,
and 1212 pieces of gold, after 2709 moves.
You were level 4 with a maximum of 37 hit points when you died.

